 Dungeon Crawl Stone Soup version 0.32-a0-306-gfed3edf829 (console) character file.

Game seed: 17802088473495088348

1876122 elliptic the Wrestler (level 26, 267/267 HPs)
             Began as a Troll Delver on Feb 14, 2024.
             Was a High Priest of Cheibriados.
             Escaped with the Orb
             ... and 3 runes on Feb 15, 2024!
             The game lasted 03:00:59 (56373 turns).

elliptic the Wrestler (Troll Delver)               Turns: 56373, Time: 03:00:59

Health: 267/267    AC: 30    Str: 60    XL:     26   Next: 96%
Magic:  30/31      EV: 18    Int: 24    God:    Cheibriados [*****.]
Gold:   3618       SH: 37    Dex: 25    Spells: 18/33 levels left

rFire   + +          .
                       - Unarmed
rCold   + . .        N - +10 tower shield of Ignorance {rN+ Int-4}
rNeg    + . .        S - +10 storm dragon scales {nodragon}
rPois   +            s - +2 hat
rElec   +            I - scarf {rC+ rF+}
rCorr   .            (gloves unavailable)
SInv    .            (boots unavailable)
Will    +....        X - amulet of Loschees {Reflect +Inv rF+ SH+5} Stlth
                     O - ring "Arurch" {Str+6 Slay+5}
HPRegen 1.44/turn    K - ring "Ceuclygy" {rPois Str+6 Int+9 Dex-4}
MPRegen 0.22/turn

%: random rage (9%), reflection
@: studying Necromancy, very slow
A: large, unfitting armour, claws 3, regeneration 1, shaggy fur 1, tough skin 1,
horns 1, agile 1, berserk 2, frail 1, screaming 1, subdued magic 2, MP-powered
wands
0: Orb of Zot
}: 3/15 runes: serpentine, barnacled, silver
a: Renounce Religion, Evoke Invisibility, Bend Time, Temporal Distortion,
Slouch, Step From Time


You escaped.
You worshipped Cheibriados.
Cheibriados was extremely pleased with you.
You visited 12 branches of the dungeon, and saw 52 of its levels.
You visited 1 ziggurat, and saw 8 of its levels.
You also visited: Bailey, Gauntlet and Ice Cave.

You collected 8458 gold pieces.
You spent 4840 gold pieces at shops.


Innate Abilities, Weirdness & Mutations

You are too large for most types of armour.
You have claws for hands.
Your natural rate of healing is unusually fast.
You are covered in fur. (AC +1)
You have tough skin. (AC +1)
You have a pair of small horns on your head.
You are agile. (Dex +4, Str/Int -1)
You have an uncontrollable temper.
You are frail. (-10% HP)
You occasionally shout uncontrollably at your foes.
Your spells are easier to cast, but less powerful.
You expend magic power (3 MP) to strengthen your wands.


   Skills:
 + Level 23.2 Fighting
 - Level 15.0 Armour
 - Level 13.6 Dodging
 - Level 2.7 Stealth
 - Level 15.0 Shields
 - Level 24.0 Unarmed Combat
 - Level 4.0 Spellcasting
 - Level 11.0 Translocations
 - Level 9.9 Air Magic
 - Level 12.0 Invocations


You had 18 spell levels left.
You knew the following spells:

 Your Spells              Type           Power      Damage    Failure   Level
a - Vhi's Electric Charg  Tloc/Air       68%        N/A       1%          4
b - Manifold Assault      Tloc           36%        N/A       1%          4
i - Passage of Golubria   Tloc           36%        N/A       1%          4
v - Blink                 Tloc           72%        N/A       1%          2
A - Apportation           Tloc           72%        N/A       1%          1

Your spell library contained the following spells:

 Spells                   Type           Power      Damage    Failure   Level
 Shock                    Conj/Air       68%        1d7       1%          1
 Lesser Beckoning         Tloc           72%        N/A       1%          2
 Momentum Strike          Conj/Tloc      38%        3d9       2%          2
 Airstrike                Air            16%        2d(3-19)  2%          4
 Mercury Vapours          Alch/Air       34%        N/A       3%          2
 Static Discharge         Conj/Air       34%        3-5/arc   3%          2
 Volatile Blastmotes      Fire/Tloc      38%        2d13      5%          3
 Cigotuvi's Dreadful Rot  Necr/Alch/Air  24%        N/A       7%          2
 Mephitic Cloud           Conj/Alch/Air  12%        N/A       14%         3
 Kiss of Death            Conj/Necr      12%        2d6       19%         1
 Magic Dart               Conj           12%        1d3       19%         1
 Necrotise                Necr           12%        1d4       19%         1
 Sandblast                Erth           6%         2d5       19%         1
 Slow                     Hex            12%        N/A       19%         1
 Sting                    Conj/Alch      12%        1d3       19%         1
 Summon Small Mammal      Summ           12%        N/A       19%         1
 Dimensional Bullseye     Hex/Tloc       9%         N/A       19%         4
 Summon Lightning Spire   Summ/Air       17%        N/A       26%         4
 Call Imp                 Summ           6%         N/A       28%         2
 Ensorcelled Hibernation  Hex/Ice        6%         N/A       28%         2
 Jinxbite                 Hex            6%         N/A       28%         2
 Searing Ray              Conj           6%         2d4       28%         2
 Sublimation of Blood     Necr           3%         N/A       28%         2
 Dispersal                Tloc           18%        N/A       32%         6
 Confusing Touch          Hex            3%         N/A       52%         3
 Dazzling Flash           Conj/Hex       6%         N/A       52%         3
 Frozen Ramparts          Ice            6%         1d1       52%         3
 Fugue of the Fallen      Necr           3%         N/A       52%         3
 Inner Flame              Hex/Fire       3%         N/A       52%         3
 Passwall                 Erth           3%         N/A       52%         3
 Sigil of Binding         Hex            3%         N/A       52%         3
 Stone Arrow              Conj/Erth      6%         3d7       52%         3
 Summon Ice Beast         Ice/Summ       3%         N/A       52%         3
 Vampiric Draining        Necr           3%         2d6       52%         3
 Arcjolt                  Conj/Air       8%         1d18      58%         5
 Silence                  Hex/Air        8%         N/A       58%         5
 Freezing Cloud           Conj/Ice/Air   6%         6-21      83%         5
 Anguish                  Hex/Necr       1%         N/A       91%         4
 Animate Armour           Summ/Erth      6%         N/A       91%         4
 Animate Dead             Necr           3%         N/A       91%         4
 Brom's Barrelling Bould  Conj/Erth      3%         2d3       91%         4
 Dispel Undead            Necr           3%         3d7       91%         4
 Flame Wave               Conj/Fire      3%         2d5       91%         4
 Fulminant Prism          Conj/Alch      1%         3d5       91%         4
 Leda's Liquefaction      Alch/Erth      1%         N/A       91%         4
 Martyr's Knell           Necr/Summ      3%         N/A       91%         4
 Olgreb's Toxic Radiance  Alch           3%         N/A       91%         4
 Petrify                  Alch/Erth      3%         N/A       91%         4
 Sticky Flame             Fire/Alch      3%         2d4       91%         4
 Alistair's Intoxication  Alch           2%         N/A       99%         5
 Borgnjor's Vile Clutch   Necr/Erth      1%         N/A       99%         5
 Curse of Agony           Necr           3%         N/A       99%         5
 Irradiate                Conj/Alch      1%         3d12      99%         5
 Lee's Rapid Deconstruct  Erth           1%         3d4*      99%         5
 Metabolic Englaciation   Hex/Ice        1%         N/A       99%         5
 Plasma Beam              Fire/Air       8%         2x1d19    99%         6
 Bombard                  Conj/Erth      1%         9d1       100%        6
 Death Channel            Necr           1%         N/A       100%        6
 Eringya's Noxious Bog    Alch           1%         4d6       100%        6
 Sculpt Simulacrum        Ice/Alch       1%         N/A       100%        6
 Starburst                Conj/Fire      1%         6d3       100%        6
 Haunt                    Necr/Summ      1%         N/A       100%        7
 Malign Gateway           Summ/Tloc      9%         N/A       100%        7
 Ozocubu's Refrigeration  Ice            1%         4d7       100%        7
 Discord                  Hex            1%         N/A       100%        8
 Disjunction              Tloc           18%        N/A       100%        8
 Ignition                 Fire           1%         3d3       100%        8
 Lehudib's Crystal Spear  Conj/Erth      1%         10d2      100%        8
 Maxwell's Capacitive Co  Air            16%        death     100%        8

Inventory:

Missiles
 F - 10 throwing nets
 R - 5 curare-tipped darts
Armour
 b - a +2 tower shield
 n - a +2 cloak
 s - a +2 hat (worn)
 I - a scarf of resistance (worn)
 N - the +10 tower shield of Ignorance (worn) {rN+ Int-4}
   (You acquired it on level 2 of the Depths)

   Int-4:     It affects your intelligence (-4).
   rN+:       It protects you from negative energy.
 S - +10 storm dragon scales (worn) {nodragon}
 V - +0 fire dragon scales
Magical Staves
 a - a staff of air
Jewellery
 l - a ring of willpower
 m - a ring of poison resistance
 r - the ring "Xuvac" {Ice Str+3}
   (You found it on level 2 of the Crypt)

   [ring of ice]

   Ice:       It enhances your ice magic.
   Str+3:     It affects your strength (+3).
   rF-:       It makes you vulnerable to fire.
   rC+:       It protects you from cold.
 v - a ring of fire
 x - a ring of resist corrosion
 z - an amulet of regeneration
 D - a ring of protection from cold
 E - the ring of Finality {rF+ AC+4}
   (You bought it in a shop on level 2 of the Orcish Mines)

   [ring of protection]

   AC+4:      It affects your AC (+4).
   rF+:       It protects you from fire.
 K - the ring "Ceuclygy" (right claw) {rPois Str+6 Int+9 Dex-4}
   (You found it on level 2 of the Crypt)

   [ring of strength]

   Str+6:     It affects your strength (+6).
   Int+9:     It affects your intelligence (+9).
   Dex-4:     It affects your dexterity (-4).
   rPois:     It protects you from poison
 O - the ring "Arurch" (left claw) {Str+6 Slay+5}
   (You bought it in a shop on level 7 of the Dungeon)

   [ring of strength]

   Str+6:     It affects your strength (+6).
   Slay+5:    It affects your accuracy & damage with ranged weapons and melee
   (+5).
 P - the ring "Coguplus" {rCorr Slay+2}
   (You found it on level 3 of the Depths)

   [ring of resist corrosion]

   Slay+2:    It affects your accuracy & damage with ranged weapons and melee
   (+2).
   rCorr:     It protects you from acid and corrosion.
 T - a +6 ring of strength
 X - the amulet of Loschees (around neck) {Reflect +Inv rF+ SH+5}
   (You took it off a deep elf high priest on level 3 of the Elven Halls)

   [amulet of reflection]

   Reflect:   It reflects blocked missile attacks.
   rF+:       It protects you from fire.
   +Inv:      It lets you turn invisible.
   SH+5:      It affects your SH (+5).
 Z - the ring "Apnous" {Ice Int+3 Dex+2}
   (You found it on level 3 of the Elven Halls)

   [ring of ice]

   Ice:       It enhances your ice magic.
   Int+3:     It affects your intelligence (+3).
   Dex+2:     It affects your dexterity (+2).
   rF-:       It makes you vulnerable to fire.
   rC+:       It protects you from cold.
Wands
 f - a wand of digging (28)
 w - a wand of iceblast (56)
 L - a wand of quicksilver (22)
Scrolls
 c - 14 scrolls of teleportation
 d - 13 scrolls of enchant weapon {7 for trove}
 p - a scroll of poison
 u - 11 scrolls of immolation
 y - 2 scrolls of blinking
 B - 2 scrolls of butterflies
 C - 3 scrolls of silence {!r}
 G - a scroll of revelation
 J - 5 scrolls of fear
Potions
 e - 7 potions of enlightenment
 g - 4 potions of invisibility
 h - a potion of berserk rage {!q}
 i - 12 potions of brilliance
 j - 3 potions of ambrosia
 k - 21 potions of curing
 o - 14 potions of heal wounds
 q - 9 potions of attraction
 t - 5 potions of might
 Q - 4 potions of resistance
 U - 5 potions of magic
Miscellaneous
 W - a lightning rod (4/4)


Message History

You feel a strong urge to attack something.
You see here a jackal skeleton.
You feel your anger nearly subside.
You are no longer berserk.
You are exhausted.
You feel yourself slow down.
You are starting to lose your buoyancy.
(D) Dungeon (T) Temple (L) Lair (A) Shoals (P) Snake Pit (M) Slime Pits (O) Orcish Mines (E) Elven Halls (V) Vaults (C) Crypt (W) Tomb (U) Depths (H) Hell (I) Dis (G) Gehenna (X) Cocytus (Y) Tartarus (Z) Zot
Where to? (Tab/Enter - D:2 @ (x,y), ? - help)
You float gracefully downwards.
Your enlightenment fades.
You feel yourself speed up.
There is a stone staircase leading up here.
You climb upwards.
There is a stone staircase leading down here.
Aiming: Dig
Press: ? - help, Shift-Dir - straight line, f - you Please select a direction to dig.
A stone staircase leading down.
This square is covered in magical glow.
You feel a surge of power!
The rock shatters into small pieces.
You recover from your berserk rage.
Magic restored.
Aiming: Dig
Press: ? - help, Shift-Dir - straight line, f - you Please select a direction to dig.
This square is covered in magical glow.
You feel a surge of power!
The rock shatters into small pieces.
Magic restored.
Aiming: Dig
Press: ? - help, Shift-Dir - straight line, f - you Please select a direction to dig.
This square is covered in magical glow.
You feel a surge of power!
The rock shatters into small pieces.
Blink to where?
Press: ? - help, Dir - move target
As you read the scroll of blinking, it crumbles to dust.
You have escaped!

...#......########....#
##.##
##.'...............####
##.## #.#......#######.##
##.## ##.#......# #.#
##.## ...#......# #.##
##.## ...#......# #..#
##.## ...#......# ##.##
##.## ...########
######..###.## ##.#
##...@#.....##
#.#########...........##
#.......##.....###.....#
#.......##.....# #.....##
##......#.....###.#.....#
#......#..#..# ###..#..#
####(.##..#..# #..#..#
#######.##.....##
##.....#
#.......###.....#
#.....##


There were no monsters in sight!

Vanquished Creatures
  6 dread liches
  7 orbs of fire (Zot:5)
  Frederick (Vaults:4)
  Mennas (Vaults:2)
  Sojobo (Depths:4)
  3 Killer Klowns (Zot:5)
  Boris (Vaults:5)
  7 curse toes
  Vashnia (Snake:2)
  Margery (Crypt:3)
  A shard shrike (Zig:8)
  2 pandemonium lords
  3 golden dragons
  The ghost of Harhicoo the Slayer, an adept MiBe of Trog (Vaults:2)
  Geryon (Hell)
  Nikola (Snake:4)
  Jory (Depths:4)
  A profane servitor (Crypt:3)
  4 bone dragons
  2 doom hounds (Depths:1)
  2 Tzitzimimeh
  2 Brimstone Fiends
  3 electric golems
  Jorgrun (Orc:2)
  6 liches
  2 Hell Sentinels (Zot:1)
  13 tentacled monstrosities
  Asterion (Snake:3)
  4 deep elf blademasters (Elf:3)
  28 Orb Guardians
  3 quicksilver dragons
  A searing wretch (Crypt:3)
  Polyphemus (Shoals:3)
  5 titans (Vaults:5)
  4 sphinxes
  4 ancient champions
  The ghost of Oneirical the Eviscerator, an adept FeAr of Jiyva (Vaults:1)
  6 death cobs
  3 Executioners (Zot:1)
  4 krakens
  8 shadow dragons
  Kirke (Lair:4)
  2 deep elf master archers (Elf:3)
  Roxanne (Shoals:1)
  11 tengu reavers
  6 protean progenitors
  Aizul (Snake:1)
  7 storm dragons
  2 revenants
  A fenstrider witch (Zig:2)
  A draconian monk (Zot:4)
  Ilsuiw (Shoals:3)
  2 draconian shifters (Zot:5)
  4 narguns (Zig:8)
  3 nagarajas
  3 draconian knights
  3 balrugs
  7 fire giants
  9 frost giants
  2 draconian scorchers
  3 deep elf sorcerers
  5 iron dragons
  2 deep elf elementalists (Elf:3)
  16 vault wardens
  Louise (D:14)
  3 reapers
  8 draconian stormcallers
  4 ghost moths
  4 orc warlords
  2 curse skulls
  13 very ugly things
  3 spriggan defenders
  24 ironbound preservers
  A ghoul (Crypt:3)
  The ghost of zenocrate the Fighter, a journeyman DsDe of Jiyva (Shoals:2)
  10 ironbound thunderhulks
  3 draconian annihilators
  A juggernaut skeleton (Crypt:1)
  17 stone giants
  6 formless jellyfish
  Nessos (D:15)
  10 green draconians
  The ghost of Archoef the Severer, a journeyman HOFi of Beogh (D:14)
  4 vampire knights
  2 lorocyprocas
  5 deep elf demonologists (Elf:3)
  A putrid mouth (Depths:1)
  5 dire elephants
  Azrael (D:14)
  10 deep elf death magi
  4 red draconians
  A purple draconian (Zot:3)
  A wendigo (Zig:8)
  An eleionoma (shapeshifter) (Zig:7)
  2 minotaurs
  5 deep elf annihilators
  3 black draconians (Zot:4)
  4 yellow draconians
  6 white draconians
  4 war gargoyles
  10 blizzard demons
  A spark wasp (Depths:2)
  5 eidola
  3 green deaths
  3 merfolk javelineers (Shoals:4)
  A crystal guardian (Vaults:4)
  15 ettins
  3 iron golems (Hell)
  7 merfolk impalers
  10 yaktaur captains
  5 entropy weavers
  7 fire dragons
  14 deep elf high priests
  21 jiangshi
  4 great orbs of eyes
  An entropy weaver (shapeshifter) (Zig:7)
  A kraken zombie (Hell)
  6 salamander tyrants
  3 peacekeepers (Vaults:4)
  A hell beast (Zot:5)
  10 hydras
  6 ogre magi
  7 rakshasas
  9 ice dragons
  4 spriggan air magi (Depths:3)
  9 anacondas
  28 vault guards
  16 centaur warriors
  10 ironbound frosthearts
  A merfolk avatar (Shoals:4)
  3 catoblepae
  6 satyrs
  16 two-headed ogres
  Erica (Orc:2)
  7 boulder beetles
  A quicksilver dragon skeleton (Crypt:2)
  11 death yaks
  4 death knights
  36 dancing weapons
  5 merfolk aquamancers
  16 naga warriors
  A death scarab (Zig:5)
  5 tengu warriors
  5 deep troll shamans
  8 hell hogs
  4 shock serpents
  20 naga sharpshooters
  10 vampire magi
  4 spriggan berserkers
  2 deep troll earth magi
  13 hell knights
  A shock serpent (shapeshifter) (Vaults:5)
  11 soul eaters
  2 spriggans (Depths:4)
  An orc high priest (Orc:2)
  4 sun demons
  Urug (Lair:4)
  21 deep elf knights
  2 salamander mystics
  34 skeletal warriors
  2 skysharks
  2 sixfirhies
  A death drake (Zot:3)
  11 sea snakes
  2 iron trolls
  6 mana vipers
  7 shadow wraiths
  6 flayed ghosts
  A storm dragon skeleton (Depths:3)
  3 glowing orange brains
  46 deep trolls
  3 naga ritualists
  5 arcanists
  2 shadow demons
  A swamp dragon (Lair:5)
  A deep troll (shapeshifter) (Vaults:5)
  10 deep elf archers
  6 lindwurms
  2 tengu zombies
  An anaconda zombie (Hell)
  40 deep elf pyromancers
  10 necromancers
  5 orange crystal statues
  4 bog bodies (Crypt:3)
  40 deep elf zephyrmancers
  17 phantasmal warriors
  2 anaconda skeletons (Hell)
  3 obsidian statues
  17 harpies
  11 ironbound convokers
  5 orc sorcerers
  2 alligator zombies (Hell)
  6 fauns
  13 orc knights
  31 ugly things
  A wolf spider (Vaults:5)
  4 cyclopes
  A fire giant zombie (Zig:5)
  A human skeleton (Vaults:1)
  15 salamanders
  3 oklob plants (D:11)
  36 black mambas
  3 meliai (D:15)
  2 kobold blastminers (Orc:2)
  7 water nymphs
  22 manticores
  33 elephants
  4 guardian serpents
  8 rust devils (Hell)
  8 merfolk sirens
  A meliai (shapeshifter) (D:14)
  8 moths of wrath
  22 vault sentinels
  3 ice statues
  An eye of devastation (Zot:4)
  A stone giant skeleton (Crypt:1)
  25 naga magi
  An orange demon (Zot:4)
  8 smoke demons
  3 molten gargoyles (Hell)
  A torpor snail (Gauntlet)
  3 cane toads
  A kobold demonologist (D:12)
  A purple draconian zombie (Crypt:2)
  A yellow draconian zombie (Crypt:2)
  2 large abominations (Crypt:3)
  4 rime drakes
  An unseen horror (D:12)
  3 efreet
  5 komodo dragons
  5 hellions
  2 tormentors
  12 freezing wraiths
  35 yaktaurs
  A yaktaur zombie (Vaults:1)
  16 ice devils
  An anaconda simulacrum (IceCv)
  A mana viper skeleton (Crypt:1)
  7 tengu conjurers
  4 guardian mummies
  A purple draconian skeleton (Crypt:1)
  33 merfolk
  A hydra zombie (Hell)
  A red devil (Hell)
  Psyche (D:8)
  A queen bee (shapeshifter) (D:14)
  2 sea snake skeletons (Hell)
  5 polar bears
  9 trolls
  Grinder (D:6)
  2 hydra skeletons
  4 hornets
  10 dream sheep
  9 blink frogs
  5 wind drakes
  An alligator simulacrum (Hell)
  8 snapping turtles
  An ettin zombie (Crypt:2)
  35 slime creatures
  An ice dragon skeleton (Crypt:1)
  5 shadows
  2 dire elephant simulacra (IceCv)
  Sigmund (D:2)
  A black mamba zombie (Crypt:2)
  A centaur simulacrum (Crypt:3)
  A vampire (D:11)
  14 water elementals
  5 wyverns
  Eustachio (D:6)
  2 humans (D:9)
  A basilisk (shapeshifter) (Elf:3)
  10 wraiths
  An ushabti (Zig:5)
  A hog (shapeshifter) (D:14)
  55 yaks
  8 basilisks
  A tyrant leech zombie (Crypt:2)
  4 fire elementals
  A redback (shapeshifter) (Vaults:5)
  6 wargs
  2 steam dragons
  7 vampire mosquitoes
  2 chaos spawn
  4 redbacks
  Menkaure (D:4)
  61 nagas
  A swamp worm (shapeshifter) (Zig:7)
  3 acid dragons
  A glowing shapeshifter zombie (Depths:3)
  4 hell hounds (D:14)
  12 water moccasins
  Pargi (D:3)
  A fire bat skeleton (Crypt:2)
  A hydra simulacrum (IceCv)
  2 swamp drakes (Lair:5)
  25 laughing skulls
  48 orc warriors
  A sky beast (D:6)
  2 ice beasts
  6 black bears (D:7)
  9 ogres
  6 centaurs
  9 wolves
  8 boggarts
  A snapping turtle skeleton (Crypt:1)
  3 phantoms
  4 kobold brigands
  A weeping skull (Gauntlet)
  A draconian zombie (Crypt:2)
  8 bullfrogs
  4 earth elementals
  2 small abominations (Crypt:3)
  2 cane toad simulacra (IceCv)
  3 scorpions (D:5)
  4 burial acolytes (Crypt:3)
  13 wights
  7 elephant simulacra (IceCv)
  A killer bee (D:8)
  2 electric eels (Lair:3)
  A raiju skeleton (Crypt:1)
  A bullfrog zombie (Crypt:1)
  20 orc priests
  3 bombardier beetles
  A jelly (D:8)
  A gnoll bouda (D:9)
  Crazy Yiuf (D:4)
  4 hounds
  3 sleepcaps
  Natasha (thrice) (D:2)
  6 iguanas
  32 orc wizards
  3 spriggan simulacra
  7 hell rats (Hell)
  2 troll simulacra (IceCv)
  8 polar bear simulacra (IceCv)
  3 wolf simulacra (IceCv)
  7 mummies (Zig:5)
  16 gnolls
  4 adders
  2 naga simulacra (IceCv)
  A shadow imp (D:5)
  3 white imps
  An iguana zombie (Crypt:2)
  A dart slug (D:3)
  5 ribbon worms
  85 orcs
  7 ball pythons
  9 bats
  12 endoplasms
  2 giant cockroaches (D:3)
  17 goblins
  12 hobgoblins
  4 jackals (D:2)
  13 kobolds
  4 quokkas
  A jackal skeleton (Crypt:1)
  7 rats
  3 aspiring fleshes
  20 tentacles
2400 creatures vanquished.

Vanquished Creatures (others)
  A Killer Klown (Zig:7)
  A deep elf pyromancer (Elf:1)
  3 humans (Lair:4)
  An orc (Orc:1)
  5 foxfires (Zig:2)
  18 tentacles
29 creatures vanquished.

Grand Total: 2429 creatures vanquished

Notes
Turn   | Place    | Note
-------+----------+-------------------------------------------
     0 | D:5      | elliptic the Troll Delver began the quest for the Orb.
     0 | D:5      | Reached XP level 1. HP: 22/22 MP: 0/0
    11 | D:5      | Noticed a sleepcap
    25 | D:5      | Killed a sleepcap
    26 | D:5      | Reached skill level 3 in Unarmed Combat
    26 | D:5      | Reached XP level 2. HP: 14/29 MP: 1/1
    44 | D:5      | Noticed a scorpion
    51 | D:5      | Noticed a scorpion
    60 | D:4      | Noticed a bombardier beetle
    64 | D:4      | Noticed Crazy Yiuf
    65 | D:4      | Found a runed translucent door.
    89 | D:3      | Reached XP level 3. HP: 36/36 MP: 2/2
   167 | D:3      | Reached skill level 4 in Unarmed Combat
   228 | D:3      | Reached XP level 4. HP: 44/44 MP: 3/3
   265 | D:3      | Reached skill level 5 in Unarmed Combat
   344 | D:3      | Noticed Pargi
   356 | D:3      | Killed Pargi
   357 | D:3      | Reached skill level 6 in Unarmed Combat
   357 | D:3      | Reached XP level 5. HP: 21/50 MP: 4/4
   625 | D:2      | Found Heir's Antique Armour Shoppe.
   699 | D:1      | Found a faded altar of an unknown god.
  1000 | D:1      | Reached XP level 6. HP: 59/59 MP: 5/5
  1512 | D:2      | Found Fuywam's Distillery.
  1517 | D:2      | Bought a potion of curing for 42 gold pieces
  1517 | D:2      | Bought a potion of curing for 42 gold pieces
  1517 | D:2      | Bought a potion of curing for 42 gold pieces
  1562 | D:2      | Found Margh's Distillery.
  1569 | D:2      | Bought a potion of heal wounds for 70 gold pieces
  1577 | D:2      | Found Jopoypn's General Store.
  1612 | D:2      | Found Ebemug's Antique Armour Shoppe.
  2021 | D:2      | Noticed Sigmund
  2039 | D:2      | Killed Sigmund
  2040 | D:2      | Reached skill level 7 in Unarmed Combat
  2051 | D:2      | Noticed Natasha
  2087 | D:2      | Killed Natasha
  2116 | D:2      | Found Fuywam's Distillery.
  2151 | D:2      | Found Margh's Distillery.
  2186 | D:2      | Noticed Natasha
  2192 | D:2      | Killed Natasha
  2193 | D:2      | Reached XP level 7. HP: 60/66 MP: 6/6
  2198 | D:2      | Found Jopoypn's General Store.
  2216 | D:2      | Found Ebemug's Antique Armour Shoppe.
  2392 | D:2      | Found Heir's Antique Armour Shoppe.
  2723 | D:2      | Noticed Natasha
  2725 | D:2      | Found Margh's Distillery.
  2733 | D:2      | Killed Natasha
  2734 | D:2      | Reached skill level 3 in Fighting
  3252 | D:3      | Found a glowing silver altar of Zin.
  3252 | D:3      | Noticed an angel
  3593 | D:2      | Bought a scroll of teleportation for 42 gold pieces
  3673 | D:4      | Reached skill level 8 in Unarmed Combat
  4039 | D:4      | Found a hazy altar of Hepliaklqana.
  4139 | D:4      | Noticed Menkaure
  4145 | D:4      | Killed Menkaure
  4148 | D:4      | Reached skill level 9 in Unarmed Combat
  4152 | D:4      | Found a white marble altar of Elyvilon.
  4217 | D:4      | Killed Crazy Yiuf
  4277 | D:5      | Reached XP level 8. HP: 71/75 MP: 7/7
  4331 | D:5      | Reached skill level 10 in Unarmed Combat
  4441 | D:5      | Found a radiant altar of Vehumet.
  4790 | D:6      | Found a staircase to the Ecumenical Temple.
  4795 | Temple   | Found a transporter.
  4795 | Temple   | Found a transporter.
  4795 | Temple   | Found a transporter.
  4795 | Temple   | Found a transporter.
  4795 | Temple   | Entered the Ecumenical Temple
  4813 | Temple   | Became a worshipper of Cheibriados the Contemplative
  4896 | D:6      | Identified the +8 dagger of Basenagh {freeze, SInv}
  5012 | D:6      | Noticed Eustachio
  5024 | D:6      | Killed Eustachio
  5028 | D:6      | Found a blossoming altar of Fedhas.
  5066 | D:6      | Reached skill level 11 in Unarmed Combat
  5066 | D:6      | Reached XP level 9. HP: 80/84 MP: 8/8
  5089 | D:6      | Reached skill level 3 in Dodging
  5226 | D:2      | Bought a scroll of blinking for 105 gold pieces
  5330 | D:6      | Noticed Grinder
  5359 | D:6      | Killed Grinder
  5793 | D:2      | Bought a potion of heal wounds for 70 gold pieces
  5950 | D:7      | Found Gudoeh's Jewellery Boutique.
  5957 | D:7      | Reached * piety under Cheibriados
  5958 | D:7      | Reached skill level 12 in Unarmed Combat
  5975 | D:7      | Found Jutaam's Assorted Antiques.
  6134 | D:7      | Found Amuir's Weapon Shoppe.
  6305 | D:7      | Found a burning altar of Makhleb.
  6338 | D:7      | Found a runed translucent gate.
  6338 | D:7      | Found a runed translucent gate.
  6338 | D:7      | Found a runed translucent gate.
  6338 | D:7      | Noticed a polar bear
  6338 | D:7      | Noticed a manticore
  6338 | D:7      | Noticed a death yak
  6338 | D:7      | Noticed a polar bear
  6339 | D:7      | Noticed a polar bear
  6362 | D:7      | Found Hoxeilof's Antique Armour Shop.
  6509 | D:8      | Reached skill level 13 in Unarmed Combat
  6509 | D:8      | Reached ** piety under Cheibriados
  6547 | D:8      | Found a flagged portal.
  6566 | Bailey   | Entered a bailey
  6580 | Bailey   | Reached XP level 10. HP: 91/96 MP: 9/9
  6654 | Bailey   | Noticed an orc knight
  6696 | Bailey   | Killed an orc knight
  6772 | Bailey   | Reached *** piety under Cheibriados
  6791 | Bailey   | Noticed an orc knight
  6801 | Bailey   | Noticed an orc knight
  6808 | Bailey   | Killed an orc knight
  6809 | Bailey   | Reached skill level 14 in Unarmed Combat
  6860 | Bailey   | why
  6867 | Bailey   | Killed an orc knight
  6907 | Bailey   | Identified the +1 scale mail of Wamioxte {rPois rF+ Str+3}
  6942 | Bailey   | Noticed an orc warlord
  6968 | Bailey   | Killed an orc warlord
  6969 | Bailey   | Reached skill level 6 in Fighting
  7066 | Bailey   | Reached skill level 15 in Unarmed Combat
  7066 | Bailey   | Reached XP level 11. HP: 111/111 MP: 10/10
  7099 | D:8      | Noticed a two-headed ogre
  7106 | D:8      | Killed a two-headed ogre
  7113 | D:8      | Noticed a two-headed ogre
  7117 | D:8      | Killed a two-headed ogre
  7117 | D:8      | Reached **** piety under Cheibriados
  7118 | D:8      | Reached XP level 12. HP: 106/119 MP: 11/11
  7185 | D:8      | Reached skill level 16 in Unarmed Combat
  7384 | D:8      | Found a broken altar of Ashenzari.
  7729 | D:8      | Noticed Psyche
  7732 | D:8      | Killed Psyche
  7835 | D:9      | Found a sparkling altar of Nemelex Xobeh.
  7872 | D:9      | Found a shimmering altar of Xom.
  7893 | D:9      | Reached ***** piety under Cheibriados
  7894 | D:9      | Found an iron altar of Okawaru.
  7968 | D:9      | Identified the +3 dagger of Kindness {flame, rF+ Will+}
  8425 | D:10     | Entered Level 10 of the Dungeon
  8425 | D:10     | Noticed a two-headed ogre
  8431 | D:10     | Killed a two-headed ogre
  8637 | D:10     | Reached skill level 17 in Unarmed Combat
  8648 | D:10     | Found an opulent altar of Gozag.
  8980 | D:11     | Found a staircase to the Lair.
  9453 | D:11     | Found a staircase to the Orcish Mines.
  9756 | D:12     | Noticed a two-headed ogre
  9760 | D:12     | Killed a two-headed ogre
  9765 | D:12     | Found a frozen archway.
  9784 | IceCv    | Entered an ice cave
  9868 | IceCv    | Reached skill level 18 in Unarmed Combat
  9990 | IceCv    | Reached skill level 1 in Invocations
 10093 | IceCv    | Reached skill level 3 in Invocations
 10428 | IceCv    | Reached XP level 13. HP: 93/127 MP: 15/15
 10581 | IceCv    | Found an ancient bone altar of Kikubaaqudgha.
 10605 | IceCv    | Reached skill level 6 in Invocations
 10972 | IceCv    | Got the Textbook on the Lifeless Deep Freeze
 11364 | D:12     | Reached ****** piety under Cheibriados
 11819 | D:7      | Reached skill level 9 in Fighting
 11842 | D:7      | Reached skill level 6 in Dodging
 11959 | Lair:1   | Entered Level 1 of the Lair of Beasts
 12785 | D:7      | Bought the ring "Arurch" {Str+6 Slay+5} for 768 gold pieces
 13165 | Lair:2   | Reached skill level 19 in Unarmed Combat
 13534 | Lair:2   | Reached XP level 14. HP: 140/140 MP: 19/19
 13850 | Lair:3   | Found a staircase to the Snake Pit.
 14007 | Lair:3   | Reached skill level 20 in Unarmed Combat
 14130 | Lair:3   | Found a staircase to the Shoals.
 14652 | Lair:4   | Found a staircase to the Slime Pits.
 14764 | Lair:4   | Noticed Kirke
 14768 | Lair:4   | Noticed a sphinx
 14770 | Lair:4   | Killed Kirke
 14842 | Lair:4   | Noticed Urug
 14852 | Lair:4   | Killed Urug
 16053 | Lair:5   | Entered Level 5 of the Lair of Beasts
 16067 | Lair:4   | Reached skill level 1 in Armour
 16209 | Lair:5   | Reached skill level 3 in Armour
 16485 | Lair:5   | Reached XP level 15. HP: 114/149 MP: 11/20
 17094 | Orc:1    | Entered Level 1 of the Orcish Mines
 17120 | D:11     | Reached skill level 1 in Shields
 17318 | Orc:2    | Entered Level 2 of the Orcish Mines
 17338 | Orc:1    | Noticed Erica
 17434 | Orc:2    | Killed Erica
 17435 | Orc:2    | Reached skill level 3 in Shields
 17762 | Orc:2    | Noticed Jorgrun
 17769 | Orc:2    | sigh
 17770 | Orc:2    | hm
 17772 | Orc:2    | sigh
 17780 | Orc:2    | why
 17780 | Orc:2    | HP: 25/149 [Jorgrun/iron shot (60)]
 17781 | Orc:2    | sigh
 17921 | Orc:2    | Killed Jorgrun
 18103 | Orc:2    | Reached skill level 6 in Shields
 18424 | D:2      | Bought a +2 tower shield for 231 gold pieces
 18814 | Orc:2    | Found a roughly hewn altar of Beogh.
 18900 | Orc:2    | Found a staircase to the Elven Halls.
 18929 | Orc:2    | Found Kudubikh's Antique Armour Shoppe.
 19250 | Orc:2    | Found Soif's General Store.
 19265 | Orc:2    | Found Tusaocif's Jewellery Shoppe.
 19280 | Orc:2    | Found Ushex's Antique Weapon Shoppe.
 19374 | Orc:2    | Upgraded the game from 0.32-a0-290-g598725c5f2 to
                  | 0.32-a0-306-gfed3edf829
 19560 | D:7      | Bought a +6 ring of strength for 432 gold pieces
 19684 | D:2      | Bought 2 potions of heal wounds for 140 gold pieces
 19684 | D:2      | Bought a potion of heal wounds for 70 gold pieces
 19684 | D:2      | Gained mutation: You occasionally lose the ability to drink
                  | potions when taking damage. [potion of mutation]
 19684 | D:2      | Gained mutation: You are agile. (Dex +4, Str/Int -1)
                  | [potion of mutation]
 19684 | D:2      | Gained mutation: You passively map a small area around you.
                  | [potion of mutation]
 19685 | D:2      | Lost mutation: You passively map a small area around you.
                  | [potion of mutation]
 19685 | D:2      | Lost mutation: You are agile. (Dex +4, Str/Int -1) [potion
                  | of mutation]
 19685 | D:2      | Lost mutation: You occasionally lose the ability to drink
                  | potions when taking damage. [potion of mutation]
 19685 | D:2      | Gained mutation: You are vulnerable to heat. (rF-) [potion
                  | of mutation]
 19685 | D:2      | Gained mutation: You are somewhat resistant to further
                  | mutation. [potion of mutation]
 19944 | D:13     | Reached skill level 6 in Armour
 20016 | D:13     | Found Fogahiry's Antique Armour Shoppe.
 20043 | D:13     | Identified the blade talisman "Toluaddo" {*Slow rElec rPois
                  | rF++}
 20429 | D:2      | Bought a potion of mutation for 112 gold pieces
 20429 | D:2      | Lost mutation: You are vulnerable to heat. (rF-) [potion of
                  | mutation]
 20429 | D:2      | Lost mutation: You are somewhat resistant to further
                  | mutation. [potion of mutation]
 20429 | D:2      | Gained mutation: You are frail. (-10% HP) [potion of
                  | mutation]
 21332 | D:14     | Found a portal to a secret trove of treasure.
 21468 | D:14     | Noticed Louise
 21483 | D:14     | Killed Louise
 21528 | D:14     | Noticed Azrael
 21553 | D:14     | Killed Azrael
 21650 | D:14     | Reached XP level 16. HP: 126/142 MP: 16/21
 21734 | D:14     | Found a gate to the Vaults.
 21873 | D:14     | Found a runed translucent gate.
 21873 | D:14     | Found a runed translucent gate.
 21873 | D:14     | Found a runed translucent gate.
 21874 | D:14     | Found an iron altar of Okawaru.
 21874 | D:14     | Noticed Archoef's ghost (journeyman HOFi)
 21998 | D:15     | Entered Level 15 of the Dungeon
 22046 | D:15     | Found a gate leading to a gauntlet.
 22059 | Gauntlet | Entered a Gauntlet
 22059 | Gauntlet | Found a runed translucent door.
 22059 | Gauntlet | Found a transporter.
 22059 | Gauntlet | Found a runed translucent door.
 22059 | Gauntlet | Found a transporter.
 22061 | Gauntlet | Found a transporter.
 22061 | Gauntlet | Found a transporter.
 22064 | Gauntlet | Found a transporter.
 22096 | Gauntlet | Found a transporter.
 22098 | Gauntlet | Found a transporter.
 22098 | Gauntlet | Found a transporter.
 22112 | Gauntlet | Found a transporter.
 22128 | Gauntlet | Found a transporter.
 22138 | Gauntlet | Found a transporter.
 22153 | Gauntlet | Found a transporter.
 22175 | Gauntlet | Found a transporter.
 22176 | Gauntlet | Found a runed translucent door.
 22191 | Gauntlet | Found a transporter.
 22243 | Gauntlet | Reached skill level 9 in Shields
 22341 | D:15     | Lost mutation: You are frail. (-10% HP) [potion of
                  | mutation]
 22341 | D:15     | Gained mutation: You have a pair of small horns on your
                  | head. [potion of mutation]
 22341 | D:15     | Gained mutation: You are clumsy. (Dex -2) [potion of
                  | mutation]
 22341 | D:15     | Gained mutation: You occasionally shout uncontrollably at
                  | your foes. [potion of mutation]
 22341 | D:15     | Gained mutation: You have a pair of horns on your head.
                  | [potion of mutation]
 22774 | D:15     | Noticed Nessos
 22784 | D:15     | Killed Nessos
 22797 | D:15     | Identified the +6 falchion of Bat Tua {drain, rPois rF+
                  | Str+2 Int+3}
 23028 | D:15     | Found a staircase to the Depths.
 23042 | D:15     | Reached skill level 9 in Armour
 23357 | Snake:1  | Entered Level 1 of the Snake Pit
 23363 | Snake:1  | Identified the serpent talisman of Uskayaw's Favour {+Blink
                  | rElec rC- rCorr}
 23363 | Snake:1  | Noticed Aizul
 23372 | Snake:1  | Killed Aizul
 24284 | Snake:1  | Identified the +4 sling of Eternal Vigilance {heavy, rN+}
 24527 | Snake:2  | Reached XP level 17. HP: 163/166 MP: 20/22
 24716 | Snake:2  | Reached skill level 9 in Dodging
 24749 | Snake:2  | Noticed Vashnia
 24763 | Snake:2  | Killed Vashnia
 25506 | Snake:3  | Noticed Asterion
 25525 | Snake:3  | Killed Asterion
 25788 | Snake:4  | Entered Level 4 of the Snake Pit
 26153 | Snake:4  | Noticed Nikola
 26174 | Snake:4  | Killed Nikola
 26392 | Snake:4  | Noticed a quicksilver dragon
 26399 | Snake:4  | Killed a quicksilver dragon
 26615 | Snake:4  | Got a serpentine rune of Zot
 26836 | Shoals:1 | Entered Level 1 of the Shoals
 26956 | Shoals:1 | Reached skill level 12 in Shields
 26997 | Shoals:1 | Noticed a kraken
 27014 | Shoals:1 | Killed a kraken
 27015 | Shoals:1 | Reached XP level 18. HP: 163/176 MP: 21/23
 27122 | Shoals:1 | Noticed Roxanne
 27144 | Shoals:1 | Killed Roxanne
 27516 | Shoals:2 | Acquired a manual of Armour
 27768 | Shoals:2 | Identified the ring "Yliag" {MP+9 Int+3}
 27774 | Shoals:2 | Found a transporter.
 27777 | Shoals:2 | Found a transporter.
 27784 | Shoals:2 | Noticed zenocrate's ghost (journeyman DsDe)
 27840 | Shoals:2 | Reached skill level 12 in Armour
 28205 | Shoals:3 | Found Zoriuh's Assorted Antiques.
 28215 | Shoals:3 | Bought a potion of heal wounds for 190 gold pieces
 28215 | Shoals:3 | Bought a scroll of blinking for 285 gold pieces
 28237 | Shoals:3 | Found Ubaxuak's Assorted Antiques.
 28298 | Shoals:3 | Found Joisonit's Jewellery Shop.
 28317 | Shoals:3 | Bought a scroll of teleportation for 114 gold pieces
 28391 | Shoals:3 | Noticed Polyphemus
 28401 | Shoals:3 | Killed Polyphemus
 28572 | Shoals:3 | Noticed Ilsuiw
 28592 | Shoals:3 | Killed Ilsuiw
 28733 | Shoals:4 | Entered Level 4 of the Shoals
 29266 | Shoals:4 | Reached skill level 15 in Armour
 29638 | Shoals:4 | Reached skill level 9 in Invocations
 29747 | Shoals:4 | Got a barnacled rune of Zot
 30140 | D:14     | Killed Archoef's ghost
 30214 | D:14     | Identified the +8 glaive "Hydrabane" {elec, rF+ rC- rN+
                  | Dex+3}
 30395 | Elf:1    | Entered Level 1 of the Elven Halls
 30546 | Elf:1    | Found Icvik's Magic Scroll Shoppe.
 30550 | Elf:1    | Bought a scroll of teleportation for 45 gold pieces
 30550 | Elf:1    | Bought a scroll of fog for 60 gold pieces
 30716 | Elf:1    | Reached XP level 19. HP: 184/185 MP: 25/25
 31177 | Elf:1    | Reached skill level 21 in Unarmed Combat
 32186 | Elf:2    | Found a runed translucent gate.
 32186 | Elf:2    | Found a runed translucent gate.
 32187 | Elf:2    | Found a runed translucent gate.
 32731 | Elf:3    | Entered Level 3 of the Elven Halls
 33325 | Vaults:1 | Entered Level 1 of the Vaults
 33447 | Vaults:1 | Reached skill level 12 in Fighting
 33463 | Vaults:1 | Reached skill level 12 in Dodging
 33758 | Vaults:1 | Reached XP level 20. HP: 198/198 MP: 27/27
 34399 | Vaults:1 | Found a runed translucent door.
 34399 | Vaults:1 | Noticed Oneirical's ghost (adept FeAr)
 34511 | Vaults:1 | Killed Oneirical's ghost
 34749 | Vaults:2 | Found a runed translucent door.
 34749 | Vaults:2 | Noticed Harhicoo's ghost (adept MiBe)
 34785 | Vaults:2 | Reached skill level 22 in Unarmed Combat
 35069 | Vaults:2 | Found Daghyriu's Armour Boutique.
 35532 | Vaults:2 | Noticed Mennas
 35533 | Vaults:2 | sigh
 35564 | Vaults:2 | Killed Mennas
 35979 | Vaults:2 | Killed Harhicoo's ghost
 36247 | Vaults:3 | Paralysed by a formless jellyfish for 1 turns
 36249 | Vaults:3 | oops
 36765 | Vaults:3 | Reached skill level 15 in Shields
 36881 | Vaults:3 | Found a staircase to the Crypt.
 36886 | Vaults:3 | Reached XP level 21. HP: 210/210 MP: 28/28
 37099 | Vaults:3 | HP: 24/203 [ironbound thunderhulk/bolt of lightning[a vault
                  | warden] (55)]
 37100 | Vaults:3 | ow
 37484 | Vaults:3 | Reached skill level 12 in Invocations
 37917 | Vaults:4 | Paralysed by a sphinx for 3 turns
 38554 | Vaults:4 | Reached skill level 23 in Unarmed Combat
 38567 | Vaults:4 | Identified the orb of the Sea {*channel, +Inv rC+ Hexes
                  | Tloc}
 38567 | Vaults:4 | Noticed Frederick
 38572 | Vaults:4 | Killed Frederick
 38648 | Vaults:4 | Found Keaduph's Book Boutique.
 39116 | Crypt:1  | Entered Level 1 of the Crypt
 39943 | Crypt:2  | Reached skill level 24 in Unarmed Combat
 40175 | Crypt:2  | Found a transporter.
 40379 | Crypt:2  | Reached XP level 22. HP: 206/219 MP: 30/30
 40412 | Crypt:2  | Found a transporter.
 40722 | Crypt:2  | Noticed a dread lich
 40726 | Crypt:2  | Killed a dread lich
 40741 | Crypt:2  | Identified the ring "Xuvac" {Ice Str+3}
 40753 | Crypt:2  | Learned a level 4 spell: Vhi's Electric Charge
 40764 | Crypt:2  | Identified the ring "Ceuclygy" {rPois Str+6 Int+9 Dex-4}
 40830 | Crypt:3  | Entered Level 3 of the Crypt
 40848 | Crypt:3  | Noticed Margery
 40864 | Crypt:3  | Killed Margery
 40865 | Crypt:3  | Reached skill level 1 in Translocations
 40870 | Crypt:3  | Reached skill level 1 in Air Magic
 40988 | Crypt:3  | Acquired 816 gold pieces
 41181 | Crypt:3  | Found an ancient bone altar of Kikubaaqudgha.
 41221 | Crypt:3  | Reached skill level 3 in Translocations
 41325 | Crypt:3  | Reached skill level 3 in Air Magic
 41529 | Crypt:3  | Reached skill level 1 in Spellcasting
 41597 | Crypt:3  | Found the +6 Majin-Bo {spellvamp, MP+6 Int+6}
 41789 | Crypt:3  | Noticed a dread lich
 41800 | Crypt:3  | Killed a dread lich
 41852 | Crypt:3  | Found a staircase to the Tomb.
 42130 | Depths:1 | Entered Level 1 of the Depths
 42147 | Depths:1 | Found a one-way gate leading to the halls of Pandemonium.
 42230 | Depths:1 | Found a sparkling altar of Nemelex Xobeh.
 42454 | Depths:1 | Identified the +1 leather armour "Qiemam" {-Tele Int+6
                  | SInv}
 42529 | Depths:1 | why
 42604 | Depths:1 | Found a gateway to Hell.
 42735 | Depths:1 | Found a shimmering blue altar of Sif Muna.
 42957 | Depths:2 | Reached skill level 6 in Translocations
 43062 | Depths:2 | Acquired the +10 tower shield of Ignorance {rN+ Int-4}
 43062 | Depths:2 | Found the +10 tower shield of Ignorance {rN+ Int-4}
 43537 | Depths:3 | Reached skill level 6 in Air Magic
 43550 | Depths:2 | Reached XP level 23. HP: 212/228 MP: 31/31
 43688 | Depths:3 | Found a one-way gate to the infinite horrors of the Abyss.
 43894 | Depths:3 | Identified the ring "Coguplus" {rCorr Slay+2}
 44014 | Depths:3 | Reached skill level 3 in Spellcasting
 44304 | Depths:3 | Got Tizoawn's Compilation of Scorching Correspondence
 44779 | Depths:3 | Found Upugh's Antique Armour Shop.
 45060 | Depths:4 | Entered Level 4 of the Depths
 45092 | Depths:4 | Noticed Jory
 45099 | Depths:4 | hm
 45103 | Depths:4 | Found a one-way gateway to a ziggurat.
 45107 | Depths:4 | Reached skill level 9 in Translocations
 45247 | Depths:4 | Noticed Sojobo
 45261 | Depths:4 | Killed Jory
 45272 | Depths:4 | Killed Sojobo
 45410 | Depths:4 | Found a white marble altar of Elyvilon.
 45581 | Depths:4 | Found a gate to the Realm of Zot.
 45778 | Depths:4 | Found an ancient bone altar of Kikubaaqudgha.
 45994 | Depths:4 | Identified the +5 rapier "Yvveu" {flame, rPois}
 46437 | Hell     | Entered the Vestibule of Hell
 46437 | Hell     | Noticed Geryon
 46620 | Hell     | Killed Geryon
 46668 | Hell     | Reached skill level 9 in Air Magic
 46795 | Hell     | Reached XP level 24. HP: 236/236 MP: 18/31
 46810 | Hell     | Found a gateway to the freezing wastes of Cocytus.
 46902 | Hell     | Found a gateway to the decaying netherworld of Tartarus.
 46975 | Hell     | Found a gateway to the ashen valley of Gehenna.
 47124 | Hell     | Found a gateway to the Iron City of Dis.
 47585 | Shoals:2 | Killed zenocrate's ghost
 48122 | Elf:3    | Identified the amulet of Loschees {Reflect +Inv rF+ SH+5}
 48225 | Elf:3    | Identified the +4 scimitar of the Skies Above {freeze,
                  | rPois Int+4}
 48225 | Elf:3    | Identified the +6 plate armour of the Frog {Will+ Int+4}
 48247 | Elf:3    | Identified the staff of Ravage {rC+ rN+ Ice}
 48256 | Elf:3    | Got the Folio of Gelid Exhalation
 48268 | Elf:3    | Got the Papyrus of Hypothermia and the Singularity
 48279 | Elf:3    | Identified the staff of Keutt {rN+ Necro Tloc}
 48306 | Elf:3    | Identified the ring "Apnous" {Ice Int+3 Dex+2}
 48899 | Vaults:5 | Entered Level 5 of the Vaults
 49283 | Vaults:5 | Noticed a dread lich
 49291 | Vaults:5 | Killed a dread lich
 49292 | Vaults:5 | Reached skill level 15 in Fighting
 49375 | Vaults:5 | Identified the +4 robe "Ixasiev" {Harm Will+ MP+9}
 49375 | Vaults:5 | Noticed Boris
 49381 | Vaults:5 | Killed Boris
 49583 | Vaults:5 | Found Fuseet's Weapon Shoppe.
 49595 | Vaults:5 | Bought 5 curare-tipped darts for 102 gold pieces
 49661 | Vaults:5 | Reached XP level 25. HP: 217/258 MP: 26/31
 49725 | Vaults:5 | Identified the staff of Olexoxuq {Dex+5 Earth}
 49888 | Vaults:5 | Identified the +1 battleaxe "Ehion" {freeze, rElec}
 50412 | Vaults:5 | Identified the amulet of Opura {Acrobat Rampage rElec
                  | Int+3}
 50412 | Vaults:5 | Identified the +6 morningstar "Hohejob" {pain, ^Contam
                  | rPois Str+5 Stlth+}
 50412 | Vaults:5 | Identified the +1 robe of Bachir {rElec Int+4 Archmagi}
 50472 | Vaults:5 | Identified the +2 halberd "Otacun" {pain, rN+ Will+}
 50484 | Vaults:5 | Identified the +2 long sword of Darkness {heavy, rC+ Str+3
                  | Stlth+}
 50494 | Vaults:5 | Identified the staff of Bipho {^Drain +Blink rPois rC+
                  | Will+ Earth}
 50502 | Vaults:5 | Identified the +1 pair of gloves of the Crafting Gods
                  | {*Slow rN+ Dex+4}
 50505 | Vaults:5 | Got a silver rune of Zot
 50584 | Vaults:5 | Learned a level 1 spell: Apportation
 50587 | Vaults:5 | Learned a level 2 spell: Blink
 50592 | Vaults:5 | Learned a level 4 spell: Manifold Assault
 50597 | Vaults:5 | Learned a level 4 spell: Passage of Golubria
 50933 | D:2      | Bought 2 potions of ambrosia for 224 gold pieces
 50933 | D:2      | Bought 2 potions of enlightenment for 140 gold pieces
 50933 | D:2      | Bought a potion of brilliance for 56 gold pieces
 50951 | D:2      | Bought a potion of invisibility for 112 gold pieces
 50982 | D:2      | Bought a potion of resistance for 140 gold pieces
 51266 | Orc:2    | Bought the ring of Finality {rF+ AC+4} for 750 gold pieces
 51504 | Shoals:3 | Bought 2 potions of curing for 228 gold pieces
 51504 | Shoals:3 | Bought a potion of curing for 114 gold pieces
 51520 | Shoals:3 | Bought a potion of curing for 114 gold pieces
 51862 | Zot:1    | Entered Level 1 of the Realm of Zot
 52265 | Zot:2    | Reached skill level 18 in Fighting
 52335 | Zot:2    | Found the +3 Mad Mage's Maulers {Infuse+∞ VampMP -Cast}
 52487 | Zot:3    | Identified the ring "Mohener" {Int+4 Dex+6}
 52751 | Zot:4    | HP: 38/267 [??? (29)]
 52920 | Zot:5    | Entered Level 5 of the Realm of Zot
 52969 | Zot:4    | Noticed an electric golem
 52977 | Zot:4    | Killed an electric golem
 53600 | Zot:5    | Noticed a dread lich
 53606 | Zot:5    | Killed a dread lich
 53611 | Zot:5    | Reached XP level 26. HP: 283/283 MP: 31/31
 53614 | Zot:5    | Noticed a dread lich
 53620 | Zot:5    | Killed a dread lich
 53645 | Zot:5    | Noticed an orb of fire
 53653 | Zot:5    | Gained mutation: You sometimes lose your temper in combat.
                  | [an orb of fire]
 53654 | Zot:5    | hm
 53654 | Zot:5    | Killed an orb of fire
 53655 | Zot:5    | Lost mutation: You occasionally shout uncontrollably at
                  | your foes. [potion of mutation]
 53655 | Zot:5    | Lost mutation: You have a pair of horns on your head.
                  | [potion of mutation]
 53655 | Zot:5    | Gained mutation: You are strong-willed. (Will+) [potion of
                  | mutation]
 53656 | Zot:5    | Lost mutation: You have a pair of small horns on your head.
                  | [potion of mutation]
 53656 | Zot:5    | Lost mutation: You are clumsy. (Dex -2) [potion of
                  | mutation]
 53656 | Zot:5    | Gained mutation: You are partially covered in iridescent
                  | scales. (AC +2) [potion of mutation]
 53656 | Zot:5    | Gained mutation: You are dopey. (Int -2) [potion of
                  | mutation]
 53656 | Zot:5    | Gained mutation: You have an uncontrollable temper. [potion
                  | of mutation]
 53657 | Zot:5    | Lost mutation: You are partially covered in iridescent
                  | scales. (AC +2) [potion of mutation]
 53657 | Zot:5    | Lost mutation: You are dopey. (Int -2) [potion of mutation]
 53657 | Zot:5    | Lost mutation: You are strong-willed. (Will+) [potion of
                  | mutation]
 53657 | Zot:5    | Gained mutation: You have large cloven feet. [potion of
                  | mutation]
 53657 | Zot:5    | Gained mutation: You are partially covered in iridescent
                  | scales. (AC +2) [potion of mutation]
 53657 | Zot:5    | Gained mutation: You expend magic power (3 MP) to
                  | strengthen your wands. [potion of mutation]
 53658 | Zot:5    | Lost mutation: You are partially covered in iridescent
                  | scales. (AC +2) [potion of mutation]
 53658 | Zot:5    | Lost mutation: You have large cloven feet. [potion of
                  | mutation]
 53658 | Zot:5    | Gained mutation: You are agile. (Dex +4, Str/Int -1)
                  | [potion of mutation]
 53658 | Zot:5    | Gained mutation: You have a pair of small horns on your
                  | head. [potion of mutation]
 53659 | Zot:5    | ugh why
 53659 | Zot:5    | well this is going to be ugly
 53672 | Zot:5    | Noticed an orb of fire
 53674 | Zot:5    | Gained mutation: Your spells are a little easier to cast,
                  | but a little less powerful. [an orb of fire]
 53679 | Zot:5    | Killed an orb of fire
 53906 | Zig:1    | Entered Level 1 of a ziggurat
 54022 | Zig:2    | Entered Level 2 of a ziggurat
 54024 | Zig:2    | why
 54029 | Zig:2    | hm
 54191 | Zig:3    | Entered Level 3 of a ziggurat
 54249 | Zig:4    | Entered Level 4 of a ziggurat
 54283 | Zig:4    | Identified the +2 robe of the Burning Slorg {^Contam Fly
                  | Str+3 Stlth+}
 54297 | Zig:5    | Entered Level 5 of a ziggurat
 54393 | Zig:6    | Entered Level 6 of a ziggurat
 54410 | Zig:6    | Reached skill level 21 in Fighting
 54483 | Zig:7    | Entered Level 7 of a ziggurat
 54490 | Zig:7    | Noticed Paiz the pandemonium lord
 54495 | Zig:7    | Killed Paiz the pandemonium lord
 54526 | Zig:7    | Identified the +1 short sword "Wurhu" {freeze, rF+ Int+2}
 54546 | Zig:8    | Entered Level 8 of a ziggurat
 54553 | Zig:8    | meh
 54557 | Zig:8    | sigh
 54572 | Zig:8    | Identified the +0 scale mail of the Grue {*Corrode rElec
                  | Stlth+}
 54600 | Zig:8    | not a success
 54785 | Zot:5    | Noticed an orb of fire
 54788 | Zot:5    | Killed an orb of fire
 54824 | Zot:5    | Noticed an electric golem
 54932 | Zot:5    | Killed an electric golem
 55018 | Zot:5    | sigh
 55034 | Zot:5    | Noticed an orb of fire
 55035 | Zot:5    | Gained mutation: You occasionally shout uncontrollably at
                  | your foes. [an orb of fire]
 55039 | Zot:5    | Noticed an electric golem
 55040 | Zot:5    | Noticed an orb of fire
 55041 | Zot:5    | Noticed an orb of fire
 55042 | Zot:5    | Noticed an orb of fire
 55042 | Zot:5    | why
 55044 | Zot:5    | Killed an orb of fire
 55046 | Zot:5    | Killed an orb of fire
 55046 | Zot:5    | Killed an electric golem
 55046 | Zot:5    | Gained mutation: Your spells are easier to cast, but less
                  | powerful. [an orb of fire]
 55047 | Zot:5    | Killed an orb of fire
 55047 | Zot:5    | Gained mutation: You are frail. (-10% HP) [an orb of fire]
 55048 | Zot:5    | Killed an orb of fire
 55410 | Zot:5    | well
 55491 | Zot:5    | Noticed a dread lich
 55496 | Zot:5    | Killed a dread lich
 55719 | Zot:5    | Got the Orb of Zot
 55747 | Zot:5    | whatever
 55867 | Zot:2    | Noticed Grunn
 55899 | Zot:1    | good
 56200 | D:7      | Noticed Kuuciaxtot the pandemonium lord
 56205 | D:7      | Killed Kuuciaxtot the pandemonium lord
 56317 | D:3      | Noticed Uqextaac the pandemonium lord
 56319 | D:3      | hm
 56373 | D:$      | Escaped with the Orb!

Levels and vault maps discovered:
D:1:      minmay_arrival_loop, layout_basic, hellmonk_ecumenical_altar_lost_god
D:2:      layout_basic, serial_shops, nicolae_shop_dealshenge,
          nicolae_shop_rolling_square, nicolae_shop_tiny_waterfront,
          nicolae_shop_hallway_stairs, shop, minmay_bisected, uniq_sigmund,
          uniq_natasha
D:3:      layout_basic, zin_angel, chequers_arboretum,
          kennysheep_generic_room_7, uniq_pargi
D:4:      layout_rooms, worldfamousw_hep_ancestral_shrine, marbit_many_paths,
          kennysheep_cross_room, uniq_crazy_yiuf_cottage, uniq_menkaure
D:5:      layout_cave_pools, mainiacjoe_overflow_alcove_4
D:6:      layout_rooms, kennysheep_mini_moat, temple_doors_ab,
          hangedman_decor_push, uniq_eustachio, uniq_grinder
D:7:      lemuel_bear_cage, layout_cave_pools, makhleb_blood_cavern_becter,
          serial_shops, nicolae_shop_tiny_real_fake_doors,
          nicolae_shop_tiny_glass, shop, nicolae_shop_getting_attention
D:8:      minmay_spotlight, layout_loops_ring, mainiacjoe_overflow_catwalk,
          lightli_bailey_entry_fortress, uniq_psyche
D:9:      layout_long_grid, okawaru_humans, jmf_multi_god_temple
D:10:     layout_cave_pools, nicolae_gozag_seed_capital
D:11:     layout_rooms, dpeg_oklobed_lair, david_orc_4,
          nicolae_concentric_dashed_squares_mild, hex_large
D:12:     layout_roguey, portal_ice_cave_demonic_guard
D:13:     layout_basic, serial_shops, nicolae_shop_scrapyard, minmay_bent
D:14:     layout_basic, skrybe_vaults_entry_preservation,
          gammafunk_ghost_fury_of_okawaru, enter_trove_2,
          hangedman_decor_lopped, uniq_louise, uniq_azrael
D:15:     hangedman_depths_entry_try_elsewhere_first, layout_basic,
          gauntlet_entry_generic, fountainhead, grunt_ministairs_10,
          minmay_strange_pillars, uniq_nessos
Temple:   hellmonk_temple_divided_pantheon
Lair:1:   layout_hall_layers, chequers_serial_rivers_large_a
Lair:2:   hellmonk_ruined_rings, layout_hall_layers, infiniplex_staircase_pool
Lair:3:   layout_cave_pods, elwin_shoals_entry_rooms,
          guppyfry_snake_entry_garden
Lair:4:   layout_layer_cave, slime_entry_1, uniq_urug, uniq_kirke
Lair:5:   guppyfry_lair_end_dragon, layout_gridlike, st_stairs_6
Shoals:1: layout_shoals, uniq_roxanne
Shoals:2: layout_shoals, ebering_ghost_davey_jones, nicolae_shoals_wave_tunnel
Shoals:3: layout_shoals, serial_shops, nicolae_stop_n_shop_1, shop, shop,
          uniq_polyphemus, uniq_ilsuiw
Shoals:4: shoals_end_grunt_ice, layout_shoals
Snake:1:  layout_onion, nicolae_letterblocks [nicolae_letter_subblock,
          nicolae_letter_subblock, nicolae_letter_subblock,
          nicolae_letter_subblock, nicolae_letter_subblock,
          nicolae_letter_subblock, nicolae_letter_subblock,
          nicolae_letter_subblock, nicolae_letter_subblock,
          nicolae_letter_subblock, nicolae_letter_subblock,
          nicolae_letter_subblock, nicolae_letter_subblock,
          nicolae_letter_subblock, nicolae_letter_subblock,
          nicolae_letter_subblock, nicolae_letter_subblock,
          nicolae_letter_subblock, nicolae_letter_subblock,
          nicolae_letter_subblock, nicolae_letter_subblock,
          nicolae_letter_subblock, nicolae_letter_subblock,
          nicolae_letter_subblock, nicolae_letter_subblock], uniq_aizul
Snake:2:  layout_onion, grunt_ministairs_11, guppyfry_library_mini, uniq_vashnia
Snake:3:  layout_rooms, drop_trap, uniq_asterion, uniq_donald
Snake:4:  hellmonk_snake_rune_quicksilver_temple, layout_misc_corridors,
          uniq_nikola
Orc:1:    layout_caves, uniq_erica
Orc:2:    grunt_orc_cross, layout_diamond_mine, uniq_jorgrun
Elf:1:    nicolae_elf_arrival_fired_up, layout_loops_corners, serial_shops,
          shop_scrolls, hangedman_elven_crosses_minicolossus
Elf:2:    nicolae_elf_blades_splatter_lattice [nicolae_blade_lattice],
          layout_loops_cross
Elf:3:    minmay_elf_hall_circle, layout_rooms
Vaults:1: gammafunk_ghost_grave, nicolae_vaults_little_squares_5,
          vaults_room_door_hall, nicolae_vaults_heart-shaped_vault,
          nicolae_vaults_trapezoid_3, vaults_room_stairs_pillars, v_rooms_3,
          v_misc_26, layout_vaults_omnigrid
Vaults:2: ebering_ghost_inner_flame, ontoclasm_vaults_eye,
          nicolae_vaults_shrinking_rooms_2, nicolae_vaults_halls_meeting,
          vaults_mumra_hexcomb, nicolae_vaults_heart-shaped_vault,
          nicolae_vaults_diagonal_hallway_8, vaults_mumra_minichess,
          nicolae_vaults_apartment_2, hangedman_vaults_stream,
          ontoclasm_vaults_ring_square, grunt_vaults_hallway_long,
          ontoclasm_vaults_ring_small, grunt_vaults_diagonal, vaults_room_grid,
          nicolae_vaults_octothorpe, layout_vaults_big_cross, serial_shops,
          shop_fountains, uniq_mennas
Vaults:3: vaults_dpeg_cross, nicolae_vaults_stand_back,
          nicolae_vaults_layer_cake_slice, hangedman_vaults_impose,
          ontoclasm_vaults_spin, hangedman_vaults_locks,
          ontoclasm_vaults_hangar, blue_anna_dwarven_crypt,
          nicolae_vaults_twisting_passages, nicolae_vaults_tangram_2,
          nicolae_vaults_sealed_display, nicolae_vaults_diagonal_hallway_6,
          nicolae_vaults_wine_cellar, ontoclasm_vaults_decontamination,
          layout_vaults_chaotic_city
Vaults:4: vaults_room_semicircle, nicolae_vaults_asterisk,
          nicolae_vaults_network_square, v_rooms_6,
          nicolae_vaults_more_shelving_2,
          nicolae_vaults_variable_pillar_hall_cross, nicolae_vaults_mitosis,
          v_misc_30, nicolae_vaults_tetromino_T_1, ontoclasm_vaults_gateway,
          nicolae_vaults_apartment_1, nicolae_vaults_statue_guard,
          hangedman_vaults_cutoff, v_misc_24, layout_vaults_omnibox,
          serial_shops, nicolae_shop_real_fake_doors, uniq_frederick
Vaults:5: uniq_boris
Crypt:1:  layout_misc_corridors, grunt_ministairs_11, grunt_crypt_arrival_webbed
Crypt:2:  gammafunk_its_a_trap, layout_regular_city, nicolae_crypt_tucked_away
Crypt:3:  grunt_crypt_end_deaths_head, uniq_margery
Depths:1: layout_roguey, rand_demon_pan_entry_8, hell_entry,
          lemuel_blue_sif_altar, nemelex_spade_bored_becter
Depths:2: minmay_isolated_rectangles_in_corner, layout_cross, pan_entry,
          grunt_hell_entry_dis_mu, kennysheep_generic_room_12
Depths:3: minmay_the_grid_four_pointed_star_mashed
          [minmay_the_grid_triangle_9x9_limited_checkers,
          minmay_the_grid_triangle_9x9_windchime,
          minmay_the_grid_triangle_9x9_negative_grid,
          minmay_the_grid_triangle_9x9_thin_v,
          minmay_the_grid_prize_four_corners_diamond_a], layout_basic,
          abyss_entry, serial_sigils_hangedman_gut, grunt_pan_entry_in_and_out,
          serial_co_window_serial, co_window_of_opportunity_a,
          co_window_paths_a, co_window_paths_b, co_window_paths_a,
          co_window_corner_a, co_window_broadway_a, co_window_broadway_b,
          co_window_paths_e, glass_columns_c, glass_columns_a, glass_columns_a,
          glass_columns_b, hell_entry, serial_shops, nicolae_shop_crystal
Depths:4: evilmike_zot_entry_argh, layout_cave_pools, enter_ziggurat_a,
          pan_entry, lightli_too_deep, kiku_gazebo_pond_becter, abyss_entry,
          serial_rivers, chequers_serial_rivers_small_a,
          chequers_serial_rivers_small_a, chequers_serial_rivers_micro_a,
          chequers_serial_rivers_room_b, elyvilon_altar_1, uniq_jory,
          uniq_sojobo
Hell
Zot:1:    regret_index_zot_pan_timeshare, layout_gridlike
Zot:2:    hangedman_snap_crack_crunch, layout_concentric_octagons,
          regret_index_zotdec_carving_tricks, uniq_tiamat, uniq_grunn
Zot:3:    layout_cathedral_of_symmetry, hangedman_swamp_dais
Zot:4:    layout_twisted_circle, regret_index_zotdec_decaying_vile
Zot:5:    layout_gridlike

Action                     |  1- 3 |  4- 6 |  7- 9 | 10-12 | 13-15 | 16-18 | 19-21 | 22-24 | 25-27 || total
---------------------------+-------+-------+-------+-------+-------+-------+-------+-------+-------++-------
  Melee: Unarmed           |    33 |   115 |   268 |   416 |   843 |   976 |  1090 |  1255 |   660 ||  5656
         Punch             |       |     4 |    15 |    37 |    85 |       |       |       |       ||   141
         Headbutt          |       |       |       |       |       |   246 |   262 |   345 |   201 ||  1054
  Throw: Dart              |       |       |       |     4 |       |       |       |       |       ||     4
   Cast: Vhi's Electric Ch |       |       |       |       |       |       |       |   102 |   100 ||   202
         Blink             |       |       |       |       |       |       |       |       |     2 ||     2
         Manifold Assault  |       |       |       |       |       |       |       |       |     2 ||     2
         Apportation       |       |       |       |       |       |       |       |       |     1 ||     1
 Invoke: Slouch            |       |       |       |       |     3 |     7 |     7 |       |    14 ||    31
         Temporal Distorti |       |       |       |       |     4 |     1 |       |       |     1 ||     6
         Bend Time         |       |       |       |       |       |     1 |       |       |       ||     1
         Step From Time    |       |       |       |       |       |     1 |     1 |     1 |       ||     3
  Evoke: Wand              |       |       |       |     1 |    14 |     2 |     2 |     2 |     4 ||    25
    Use: Scroll            |     1 |       |    13 |     5 |    12 |     9 |    13 |     5 |    32 ||    90
         Potion            |       |       |       |     3 |     7 |     4 |     4 |       |    19 ||    37
   Stab: Sleeping          |       |     9 |     2 |     4 |     4 |     7 |     5 |       |       ||    31
         Distracted        |       |       |       |       |     2 |     5 |     1 |     2 |       ||    10
         Petrified         |       |       |       |       |     1 |     3 |       |       |       ||     4
         Paralysed         |       |       |       |       |       |     1 |       |       |       ||     1
         Invisible         |       |       |       |       |       |       |       |       |     2 ||     2
 Armour: Robe              |    26 |    76 |   178 |    10 |    26 |       |       |       |       ||   316
         Steam dragon scal |       |       |    12 |    97 |       |       |       |       |       ||   109
         Acid dragon scale |       |       |       |   130 |    29 |       |       |       |       ||   159
         Troll leather arm |       |       |       |       |   346 |       |       |       |       ||   346
         Swamp dragon scal |       |       |       |       |   251 |   466 |   374 |    15 |       ||  1106
         Skin              |       |       |       |       |       |       |     4 |       |       ||     4
         Shadow dragon sca |       |       |       |       |       |       |       |   397 |    15 ||   412
         Storm dragon scal |       |       |       |       |       |       |       |       |   326 ||   326
  Dodge: Dodged            |    19 |    47 |    98 |   165 |   437 |   335 |   268 |   205 |   187 ||  1761
  Block: Tower shield      |       |       |       |       |   235 |  1246 |   926 |   980 |   785 ||  4172
         Reflection        |       |       |       |       |       |       |       |       |    17 ||    17
